 Dungeon Crawl Stone Soup version 0.24.0-37-gcf1ca852f1 (webtiles) character file.

Game seed: 15481034609129081207, levelgen mode: deterministic

14401 Iamsoldier the Basher (level 11, -1/101 HPs)
             Began as a Minotaur Fighter on Dec 6, 2019.
             Was a High Priest of Okawaru.
             Slain by a spiny frog (14 damage)
             ... on level 1 of the Lair of Beasts.
             The game lasted 00:22:30 (10353 turns).

Iamsoldier the Basher (Minotaur Fighter)           Turns: 10353, Time: 00:22:31

Health: -1/101     AC: 20    Str: 24    XL:     11   Next: 88%
Magic:  13/13      EV:  7    Int:  5    God:    Okawaru [*****.]
Gold:   601        SH: 13    Dex: 10    Spells: 10/10 levels left

rFire    . . .     SeeInvis .   a - +3 flail (venom)
rCold    . . .     Gourm    .   c - +1 shield
rNeg     . . .     Faith    .   n - +0 chain mail
rPois    .         Spirit   .   y - +2 hat
rElec    .         Reflect  .   (no cloak)
rCorr    .         Harm     .   u - +2 pair of gloves {archery}
MR       .....                  h - +2 pair of boots {run}
Stlth    ..........             (no amulet)
HPRegen  0.26/turn              G - ring of wizardry
MPRegen  0.13/turn              (no ring)

@: very slightly contaminated, drained, invisible, quick
A: retaliatory headbutt, horns 2
a: Heroism, Finesse, Renounce Religion


You were on level 1 of the Lair of Beasts.
You worshipped Okawaru.
Okawaru was extremely pleased with you.
You were not hungry.

You visited 3 branches of the dungeon, and saw 12 of its levels.

You collected 601 gold pieces.

Inventory:

Hand Weapons
 a - a +3 flail of venom (weapon)
 b - the +4 shortbow of the People {velocity, +Fly}
   (You found it on level 7 of the Dungeon)

   Any arrow fired from it inflicts extra damage.
   It lets you fly.
 D - a +2 eveningstar of holy wrath
Missiles
 x - 43 arrows
Armour
 c - a +1 shield (worn)
 h - a +2 pair of boots of running (worn)
 n - a +0 chain mail (worn)
 u - a +2 pair of gloves of archery (worn)
 y - a +2 hat (worn)
Jewellery
 G - a ring of wizardry (left hand)
Wands
 e - a wand of flame (8)
 l - a wand of iceblast (3)
 w - a wand of random effects (14)
 C - a wand of paralysis (8)
 E - a wand of polymorph (9)
 F - a wand of clouds (5)
Scrolls
 f - 5 scrolls of fog
 i - 8 scrolls of remove curse
 m - a scroll of magic mapping
 o - 4 scrolls of enchant weapon
 q - 5 scrolls of teleportation
 r - a scroll of identify
Potions
 g - a potion of resistance {unknown}
 j - a potion of lignification {unknown}
 k - 2 potions of haste
 s - a potion of flight {unknown}
 t - a potion of heal wounds {unknown}
 z - 3 potions of brilliance
Comestibles
 d - 32 rations


   Skills:
 + Level 10.9(10.0) Fighting
 - Level 11.6(10.7) Maces & Flails
 * Level 7.4(6.6) Bows
 + Level 11.0(10.1) Armour
 - Level 10.3(9.4) Shields
 * Level 4.5(3.8) Invocations


You had 10 spell levels left.
You didn't know any spells.
Your spell library contained the following spells:

 Spells                   Type           Power        Failure   Level  Hunger
 Sandblast                Erth           #.....       90%         1    ##.....
 Passwall                 Tmut/Erth      #.......     96%         2    ###....
 Stone Arrow              Conj/Erth      #.....       99%         3    ####...
 Cause Fear               Hex            #.........   100%        4    #####..
 Petrify                  Tmut/Erth      #.......     100%        4    #####..
 Bolt of Magma            Conj/Fire/Erth #.........   100%        5    ######.
 Iskenderun's Battlesphe  Conj/Chrm      #.......     100%        5    ######.
 Lee's Rapid Deconstruct  Erth           #.........   100%        5    ######.
 Silence                  Hex/Air        #.........   100%        5    ######.
 Venom Bolt               Conj/Pois      #.........   100%        5    ######.
 Yara's Violent Unravell  Hex/Tmut       #.........   100%        5    ######.
 Deflect Missiles         Chrm/Air       #.........   100%        6    #######
 Iron Shot                Conj/Erth      #.........   100%        6    #######
 Orb of Destruction       Conj           #.........   100%        7    #######
 Spellforged Servitor     Conj/Summ      #.........   100%        7    #######
 Discord                  Hex            #.........   100%        8    #######


Dungeon Overview and Level Annotations

Branches:
Dungeon (10/15)            Temple (1/1) D:4            Lair (1/6) D:9
    Orc (0/2) D:10

Altars:
Ashenzari
Cheibriados
Dithmenos
Elyvilon
Fedhas
Gozag
Hepliaklqana
Kikubaaqudgha
Makhleb
Nemelex Xobeh
Okawaru
Qazlal
Ru
Sif Muna
Trog
Uskayaw
Vehumet
Wu Jian
Xom
Yredelemnul
Zin
The Shining One


Innate Abilities, Weirdness & Mutations

You reflexively headbutt those who attack you in melee.
You have a pair of horns on your head.


Message History

You headbutt the spiny frog, but do no damage.
Evoke which item? (* to show all) (? for menu, Esc to quit)
Okay, then.
You fade into invisibility!
You block the yak's attack.
The spiny frog stings you but does no damage.
You are very lightly contaminated with residual magic.
You bludgeon the yak!!
The yak is poisoned.
The yak is almost dead.
You block the yak's attack. You block the spiny frog's attack.
You sock the yak!
You kill the yak!
Okawaru accepts your kill.
Your base Armour skill increases to level 11!
You block the spiny frog's attack.
You sock the spiny frog!
The spiny frog is moderately wounded.
The spiny frog stings you but does no damage.
The spiny frog stings you!
You die...

#........
#........
........
#......
##....#
P....#
#....####
#F.......
#@.......
#††......
#........
#....####
#....#
#....#
.....#
#.....
#......


You could see a spiny frog.

Vanquished Creatures
  Josephine (D:10)
  Harold (D:8)
  Erica (D:8)
  3 death yaks (D:9)
  Urug (D:10)
  A two-headed ogre (D:9)
  Pikel (D:7)
  A spiny frog (Lair:1)
  3 trolls
  A hippogriff (D:8)
  A wyvern (D:9)
  12 yaks
  4 wraiths (D:10)
  A hungry ghost (D:8)
  4 wargs (D:10)
  The ghost of mavignon the Caller, an amateur TeSu (D:4)
  A water moccasin (D:9)
  An ice beast (D:8)
  2 sky beasts
  2 orc warriors
  3 phantoms
  2 slaves (D:7)
  2 black bears
  4 ogres
  5 centaurs
  A big kobold (D:10)
  A crocodile (Lair:1)
  6 bullfrogs
  A gnoll sergeant (D:9)
  A wyvern skeleton (D:7)
  A water moccasin zombie (D:8)
  4 scorpions
  3 killer bees (D:10)
  3 wights (D:10)
  2 howler monkeys
  A bullfrog zombie (D:6)
  A centaur zombie (D:9)
  5 crimson imps
  7 hounds
  A centaur skeleton (D:5)
  3 orc priests
  4 jellies
  A bullfrog skeleton (D:8)
  2 iguanas
  7 orc wizards
  Natasha (thrice) (D:2)
  A hell rat (D:9)
  3 worker ants
  A hound zombie (D:9)
  A mummy (D:5)
  A worker ant zombie (D:9)
  A howler monkey zombie (D:7)
  9 adders
  11 gnolls
  A shadow imp (D:5)
  5 oozes (D:9)
  An adder zombie (D:5)
  3 worms
  3 dart slugs
  2 leopard geckos
  27 orcs
  A ball python (D:2)
  7 bats
  4 giant cockroaches
  5 goblins
  3 hobgoblins
  16 jackals
  3 quokkas
  2 ball python skeletons
  5 frilled lizards
  A jackal skeleton (D:4)
  5 kobolds
  A quokka zombie (D:8)
  3 rats
243 creatures vanquished.

Vanquished Creatures (others)
  A slave (D:7)
  A bullfrog skeleton (D:8)
  A hound skeleton (D:7)
3 creatures vanquished.

Grand Total: 246 creatures vanquished

Notes
Turn   | Place    | Note
-------+----------+-------------------------------------------
     0 | D:1      | Iamsoldier the Minotaur Fighter began the quest for the
                  | Orb.
     0 | D:1      | Reached XP level 1. HP: 19/19 MP: 0/0
   169 | D:1      | Reached XP level 2. HP: 26/27 MP: 1/1
   737 | D:2      | Reached XP level 3. HP: 33/33 MP: 2/2
  1183 | D:2      | Noticed Natasha
  1190 | D:2      | Killed Natasha
  1190 | D:2      | Reached XP level 4. HP: 29/40 MP: 3/3
  1385 | D:2      | Noticed Natasha
  1394 | D:2      | Killed Natasha
  1522 | D:2      | Noticed Natasha
  1529 | D:2      | Killed Natasha
  1529 | D:2      | Reached XP level 5. HP: 42/47 MP: 4/4
  1819 | D:3      | Noticed an orc warrior
  1838 | D:3      | Killed an orc warrior
  1838 | D:3      | Reached skill level 5 in Maces & Flails
  1840 | D:3      | Reached XP level 6. HP: 12/55 MP: 5/5
  2117 | D:3      | Reached skill level 5 in Shields
  2225 | D:3      | Reached skill level 5 in Fighting
  2225 | D:3      | Reached skill level 5 in Armour
  2557 | D:4      | Reached XP level 7. HP: 61/61 MP: 6/6
  2566 | D:4      | Found a staircase to the Ecumenical Temple.
  2581 | Temple   | Entered the Ecumenical Temple
  2714 | Temple   | Became a worshipper of Warmaster Okawaru
  3129 | D:4      | Found a runed translucent door.
  3580 | D:4      | Noticed a troll
  3707 | D:4      | Noticed mavignon's ghost (amateur TeSu)
  3732 | D:4      | Killed mavignon's ghost
  3732 | D:4      | Reached * piety under Okawaru
  3739 | D:4      | Killed a troll
  3739 | D:4      | Reached XP level 8. HP: 65/70 MP: 7/7
  3790 | D:5      | Entered Level 5 of the Dungeon
  4200 | D:5      | Found a white marble altar of Elyvilon.
  4395 | D:5      | Found a snail-covered altar of Cheibriados.
  4837 | D:6      | Found a snail-covered altar of Cheibriados.
  4910 | D:6      | Reached ** piety under Okawaru
  5344 | D:6      | Found a radiant altar of Vehumet.
  5668 | D:7      | Noticed Pikel
  5680 | D:7      | Killed Pikel
  5680 | D:7      | Reached *** piety under Okawaru
  5680 | D:7      | Reached XP level 9. HP: 54/79 MP: 8/8
  6063 | D:7      | Identified the +4 shortbow of the People {velocity, +Fly}
                  | (You found it on level 7 of the Dungeon)
  6293 | D:8      | Reached skill level 10 in Maces & Flails
  6324 | D:8      | Noticed Erica
  6338 | D:8      | Killed Erica
  6338 | D:8      | Reached **** piety under Okawaru
  6454 | D:8      | Reached XP level 10. HP: 78/90 MP: 9/9
  6586 | D:8      | Noticed Harold
  6591 | D:8      | Reached ***** piety under Okawaru
  6632 | D:8      | Killed Harold
  6632 | D:8      | Received a gift from Okawaru
  7212 | D:8      | Reached skill level 1 in Bows
  7321 | D:8      | Found a glowing golden altar of the Shining One.
  7325 | D:8      | Found a shattered altar of Ashenzari.
  7534 | D:9      | Found a burning altar of Makhleb.
  7563 | D:9      | Noticed an Executioner
  7566 | D:9      | Noticed a smoke demon
  7714 | D:9      | Noticed a two-headed ogre
  7714 | D:9      | Noticed a death yak
  7714 | D:9      | Noticed a death yak
  7716 | D:9      | Noticed a death yak
  7748 | D:9      | Killed a death yak
  7757 | D:9      | Killed a two-headed ogre
  7757 | D:9      | Reached skill level 10 in Fighting
  7757 | D:9      | Reached skill level 10 in Armour
  7757 | D:9      | Reached skill level 10 in Shields
  7757 | D:9      | Reached XP level 11. HP: 60/99 MP: 10/10
  7763 | D:9      | Killed a death yak
  7776 | D:9      | HP: 2/99 [orc priest/divine providence (11)]
  7779 | D:9      | Killed a death yak
  7779 | D:9      | Reached skill level 5 in Bows
  8147 | D:9      | Found a staircase to the Lair.
  8312 | D:9      | Reached skill level 1 in Invocations
  8392 | D:9      | Found an ancient bone altar of Kikubaaqudgha.
  8658 | D:10     | Entered Level 10 of the Dungeon
  8904 | D:10     | Noticed Josephine
  8942 | D:10     | HP: 5/101 [wraith[Josephine] (6)]
  8947 | D:10     | Killed Josephine
  8952 | D:10     | HP: 5/101 [wraith[Josephine] (10)]
  8999 | D:10     | HP: 5/101 [wraith[Josephine] (6)]
  9002 | D:10     | Received a gift from Okawaru
  9303 | D:10     | Identified a +2 pair of boots of running (Okawaru gifted it
                  | to you on level 10 of the Dungeon)
  9844 | D:10     | Found a staircase to the Orcish Mines.
  9873 | D:10     | Noticed Urug
  9877 | D:10     | Paralysed by Urug for 2 turns
  9894 | D:10     | Killed Urug
 10303 | Lair:1   | Entered Level 1 of the Lair of Beasts
 10347 | Lair:1   | HP: 5/101 [yak (8)]
 10353 | Lair:1   | Slain by a spiny frog

Levels and vault maps discovered:
D:1:      nzn_arrival_settlement, layout_basic
D:2:      layout_loops_ring, uniq_natasha
D:3:      layout_basic
D:4:      black_bear_nest_1, layout_layer_cave, minmay_temple_entry_mist,
          ebering_ghost_inner_flame
D:5:      layout_cave_pools, elyvilon_altar_4, slow_altar_1, first_ration
D:6:      corexii_shack_village, layout_basic, vehumet_crystals,
          kennysheep_slug_shrine
D:7:      layout_rooms, uniq_pikel
D:8:      layout_loops_ring, nicolae_overflow_hidden_temple, uniq_harold,
          uniq_erica
D:9:      layout_basic, makhleb_altar_promises_db, dpeg_lair_monsters,
          serial_rivers, chequers_serial_rivers_large_a,
          chequers_serial_rivers_room_a, chequers_serial_rivers_marsh,
          chequers_serial_rivers_small_a, chequers_serial_rivers_small_a,
          basic_altar, hangedman_little_slice_of_home, minmay_holes
D:10:     layout_rooms, minmay_orc_entry_guard_dogs, uniq_urug, uniq_josephine
Temple:   lightli_temple_of_artemis
Lair:1:   layout_long_grid

Skill      XL: |  1  2  3  4  5  6  7  8  9 10 11 |
---------------+----------------------------------+-----
Maces & Flails | 3 4 5 6 7 9 11 | 11.6
Shields        | 4 5 6 7 8 10 | 10.3
Armour         | 4 5 6 7 8 10 11 | 11.0
Fighting       | 4 5 6 7 8 10 | 10.9
Bows           | 4 7 |  7.4
Invocations    | 4 |  4.5

Action                   |  1- 3 |  4- 6 |  7- 9 | 10-12 || total
-------------------------+-------+-------+-------+-------++-------
Melee: Flail             |    52 |    35 |   239 |   385 ||   711
       Headbutt          |    19 |    18 |    44 |    85 ||   166
       Mace              |    41 |    50 |       |       ||    91
Invok: Heroism           |       |       |       |     5 ||     5
Evoke: Wand              |       |       |       |    13 ||    13
  Use: Potion            |       |     1 |     1 |    10 ||    12
       Scroll            |       |       |    14 |     2 ||    16
  Eat: Chunk             |     1 |     4 |     9 |    10 ||    24
       Ration            |       |       |     1 |     1 ||     2
Armor: Scale mail        |    45 |       |       |       ||    45
       Chain mail        |     5 |    31 |   118 |   144 ||   298
Dodge: Dodged            |    25 |    20 |    69 |    89 ||   203
Block: Shield            |    53 |    47 |   131 |   192 ||   423
